 Dungeon Crawl Stone Soup version 0.28.0-53-g5a82cb258f (webtiles) character file.

Game seed: 14079633510347291698

13877 cbfl8 the Severer (level 12, -10/107 HPs)
             Began as a Hill Orc Monk on July 17, 2022.
             Was an Elder of Beogh.
             Mangled by Jorgrun
             ... wielding a +0 vorpal quarterstaff
              (13 damage)
             ... on level 9 of the Dungeon.
             The game lasted 00:30:42 (12014 turns).

cbfl8 the Severer (Hill Orc Monk)                  Turns: 12014, Time: 00:30:42

Health: -10/107    AC: 18    Str: 19    XL:     12   Next: 10%
Magic:  13/13      EV:  4    Int: 10    God:    Beogh [****..]
Gold:   548        SH: 14    Dex: 13    Spells: 11/11 levels left

rFire   . . .      SeeInvis .   e - +11 war axe of Reasonable Gallantry {pain, rC+}
rCold   + . .      Faith    .   A - +0 tower shield
rNeg    . . .      Spirit   .   f - +0 plate armour
rPois   .          Reflect  .   c - +0 helmet
rElec   .          Harm     .   m - +0 cloak
rCorr   .          Rampage  .   E - +0 pair of gloves
Will    .....                   (no boots)
Stlth   ..........              d - amulet of regeneration
HPRegen 1.07/turn               w - ring of flight
MPRegen 0.13/turn               (no ring)

@: silenced, flying
A: no striking features
a: Renounce Religion


You were on level 9 of the Dungeon.
You worshipped Beogh.
Beogh was greatly pleased with you.
You visited 2 branches of the dungeon, and saw 12 of its levels.
You also visited: Bailey.

You collected 608 gold pieces.
You spent 60 gold pieces at shops.

Inventory:

Hand Weapons
 a - a +0 hand axe
 e - the +11 war axe of Reasonable Gallantry (weapon) {pain, rC+}
   (You found it on level 2 of the Dungeon)

   In the hands of one skilled in necromantic magic, it inflicts extra damage on
   living creatures.
   rC:        It protects you from cold.
 n - a +0 broad axe
 s - a +0 hand crossbow of freezing
 u - a +2 vorpal hunting sling
Missiles
 j - 17 boomerangs
 l - a throwing net (quivered)
 K - 22 sling bullets
Armour
 b - a +0 robe
 c - a +0 helmet (worn)
 f - a +0 plate armour (worn)
 m - a +0 cloak (worn)
 A - a +0 tower shield (worn)
 E - a +0 pair of gloves (worn)
 L - a +0 pair of gloves
Jewellery
 d - an amulet of regeneration (around neck)
 p - an amulet of the acrobat
 w - a ring of flight (left hand)
 G - a ring of wizardry
Wands
 h - a wand of polymorph (2)
 o - a wand of flame (12)
 J - a wand of digging (5)
Scrolls
 g - 3 scrolls of immolation
 q - a scroll of brand weapon
 r - 2 scrolls of magic mapping
 t - 3 scrolls of noise
 v - a scroll of holy word
 y - 3 scrolls of enchant weapon
 B - 2 scrolls of vulnerability
 D - 2 scrolls of fog
Potions
 i - 2 potions of attraction
 k - a potion of degeneration
 z - a potion of brilliance
 C - 4 potions of flight
 M - a potion of magic
Miscellaneous
 I - a piece from Xom's chessboard (14/15)


   Skills:
 + Level 10.5 Fighting
 + Level 15.4 Axes
 + Level 2.8 Throwing
 + Level 9.9 Armour
 + Level 3.1 Dodging
 + Level 1.9 Stealth
 + Level 7.4 Shields
 - Level 2.1 Invocations
 * Level 3.9 Evocations


You had 11 spell levels left.
You didn't know any spells.
Your spell library contained the following spells:

 Spells                   Type           Power      Damage    Failure   Level
 Freeze                   Ice            0%         1d3       100%        1
 Sandblast                Erth           0%         2d4       100%        1
 Passwall                 Tmut/Erth      0%         N/A       100%        2
 Frozen Ramparts          Ice            0%         1d2       100%        3
 Ozocubu's Armour         Ice            0%         N/A       100%        3
 Stone Arrow              Conj/Erth      0%         3d7       100%        3
 Hailstorm                Conj/Ice       0%         3d3       100%        4
 Ice Form                 Ice/Tmut       0%         N/A       100%        4
 Olgreb's Toxic Radiance  Pois           0%         N/A       100%        4
 Summon Ice Beast         Ice/Summ       0%         N/A       100%        4
 Ozocubu's Refrigeration  Ice            0%         4d5       100%        7
 Ignition                 Fire           0%         3d3       100%        8


Dungeon Overview and Level Annotations

Branches:
Dungeon (10/15)            Temple (0/1) D:6            Lair (0/6) D:9
    Orc (2/2) D:9          Bailey (visited)
    Elf: Orc:2

Altars:
Fedhas
Gozag
Nemelex Xobeh
Okawaru
Trog
Wu Jian
Zin
The Shining One

Shops:
D:5 !

Annotations:
D:9 Jorgrun
D:10 3 runed translucent doors, Gastronok; quokkamancerX's ghost, journeyman DsBe; turdburglar's ghost, journeyman TrTm
Orc:2 Donald


Message History

You struggle to resist.
You slash Jorgrun!
Jorgrun is lightly wounded.
Jorgrun barely misses you.
You barely miss Jorgrun.
Jorgrun is lightly wounded.
Jorgrun gestures at you while chanting. The iron shot hits you!!!
* * * LOW HITPOINT WARNING * * *
You are too injured to fight recklessly!
You are too injured to fight recklessly!
Okay, then.
Okay, then.
You make a move on Xom's chessboard...
Jorgrun twists and deforms.
Jorgrun barely misses you.
Okay, then.
As you read the scroll of silence, it crumbles to dust.
A profound silence engulfs you.
Jorgrun hits you with a +0 vorpal quarterstaff.
* * * LOW HITPOINT WARNING * * *
x2
Okay, then.
Okay, then.
Jorgrun hits you with a +0 vorpal quarterstaff!
* * * LOW HITPOINT WARNING * * *
x2 You fly upwards.
Welcome back to the Dungeon!
There is a staircase to the Orcish Mines here.
Magic scrolls do not work when you're silenced!
Unknown command.
Aiming: Polymorph
Press: ? - help, Shift-Dir - straight line, f - Jorgrun
Aim: Jorgrun, wielding a +0 vorpal quarterstaff and wearing a +2 robe of cold resistance (silenced, lightly wounded, misshapen and mutated, will become a dire elephant, a stone giant, or a white draconian, chance to affect: 9%) Jorgrun resists with almost no effort.
Jorgrun closely misses you.
You slice Jorgrun!!
Jorgrun is moderately wounded.
Jorgrun hits you with a +0 vorpal quarterstaff.
* * * LOW HITPOINT WARNING * * *
x2 You closely miss Jorgrun.
Jorgrun is moderately wounded.
Jorgrun hits you with a +0 vorpal quarterstaff!
You die...

#o#####......#########
##'## ######.#
#.).#####...#.#
#.8[.[[o).8.#.#
#...#####[..#.#
####'###'####.#
##...## #.# #.g.# #o#
#.@.## #.#
####[###)####.#
#).[#####)).#.#
#)8[.)oo)[8...#
#...#####)..### #####
#####


You could see Jorgrun (misshapen).

Vanquished Creatures
  2 centaur warriors (D:9)
  2 death yaks (D:9)
  2 orc knights (Bailey)
  An ugly thing (D:9)
  2 cyclopes
  Joseph (D:10)
  3 trolls
  A hornet (D:8)
  Prince Ribbit (D:7)
  Sigmund (D:2)
  A shadow (D:9)
  A wraith (D:10)
  Grum (D:10)
  A steam dragon (D:7)
  4 vampire mosquitoes (D:10)
  2 acid dragons (D:9)
  A water moccasin (D:7)
  8 orc warriors
  3 hornet zombies
  An ice beast (D:8)
  3 wolves (D:10)
  5 centaurs
  8 ogres
  The ghost of mrw3rdna the Digger, an amateur GrEE (D:3)
  A kobold brigand (D:8)
  4 bullfrogs
  2 wyvern zombies (D:8)
  A scorpion (D:5)
  A water moccasin zombie (D:5)
  9 killer bees
  A howler monkey (D:8)
  8 wights
  5 centaur zombies
  2 bullfrog zombies
  4 jellies
  A centaur skeleton (D:7)
  A hound (D:4)
  2 orc priests (D:9)
  A bullfrog skeleton (D:7)
  2 iguanas
  9 orc wizards
  3 killer bee zombies
  A howler monkey zombie (D:8)
  Robin (D:2)
  5 gnolls
  A howler monkey skeleton (D:6)
  3 adders
  2 river rats (D:9)
  A white imp (D:6)
  An adder skeleton (D:4)
  3 worms
  3 dart slugs
  19 orcs
  5 endoplasms
  3 giant cockroaches
  12 hobgoblins
  A jackal (D:1)
  6 quokkas
  10 ball pythons
  5 bats
  3 frilled lizards (D:1)
  26 goblins
  28 kobolds
  8 rats
260 creatures vanquished.

Vanquished Creatures (collateral kills)
  A boulder beetle (D:7)
  A death yak (D:9)
  An orc warrior (Orc:2)
  A centaur (D:10)
  An orc priest (D:9)
  3 orc wizards (D:9)
  4 orcs
12 creatures vanquished.

Vanquished Creatures (others)
  4 orc warriors
  3 orc priests (Orc:2)
  An orc wizard (Orc:2)
  22 orcs
30 creatures vanquished.

Grand Total: 302 creatures vanquished

Notes
Turn   | Place    | Note
-------+----------+-------------------------------------------
     0 | D:1      | cbfl8 the Hill Orc Monk began the quest for the Orb.
     0 | D:1      | Reached XP level 1. HP: 19/19 MP: 1/1
   389 | D:1      | Reached XP level 2. HP: 27/27 MP: 2/2
   788 | D:2      | Noticed Robin
   794 | D:1      | Reached XP level 3. HP: 28/33 MP: 3/3
  1226 | D:2      | Found a faded altar of an unknown god.
  1246 | D:2      | Reached skill level 5 in Axes
  1253 | D:2      | Killed Robin
  1254 | D:2      | Reached XP level 4. HP: 22/40 MP: 4/4
  1524 | D:2      | Noticed Sigmund
  1534 | D:2      | Identified the +11 war axe of Reasonable Gallantry {pain,
                  | rC+}
  1770 | D:2      | Killed Sigmund
  1771 | D:2      | Reached skill level 6 in Axes
  1771 | D:2      | Reached XP level 5. HP: 47/47 MP: 5/5
  1771 | D:2      | Reached XP level 6. HP: 55/55 MP: 6/6
  2083 | D:3      | Found a bloodstained altar of Trog.
  2107 | D:3      | Reached skill level 5 in Fighting
  2107 | D:3      | Reached skill level 7 in Axes
  2207 | D:3      | Reached XP level 7. HP: 41/61 MP: 7/7
  2249 | D:3      | Found a runed translucent gate.
  2249 | D:3      | Found a runed translucent gate.
  2250 | D:3      | Found a runed translucent gate.
  2250 | D:3      | Noticed mrw3rdna's ghost (amateur GrEE)
  2461 | D:3      | Found an ornate altar of the Wu Jian Council.
  2517 | D:3      | Found a faded altar of an unknown god.
  2523 | D:3      | Found a glowing silver altar of Zin.
  2607 | D:3      | Killed mrw3rdna's ghost
  2608 | D:3      | Reached skill level 8 in Axes
  2860 | D:4      | Found an opulent altar of Gozag.
  2971 | D:4      | Reached skill level 9 in Axes
  3094 | D:4      | Became a worshipper of Beogh the Brigand
  3094 | D:4      | Reached * piety under Beogh
  3094 | D:4      | Reached ** piety under Beogh
  3638 | D:5      | Entered Level 5 of the Dungeon
  3648 | D:5      | Reached XP level 8. HP: 70/70 MP: 8/8
  3712 | D:5      | Reached skill level 10 in Axes
  3806 | D:5      | Found Poaten's Distillery.
  3816 | D:5      | Bought a potion of heal wounds for 60 gold pieces
  4611 | D:6      | Reached skill level 11 in Axes
  4675 | D:6      | Reached skill level 5 in Armour
  4727 | D:6      | Found a staircase to the Ecumenical Temple.
  4972 | D:7      | Reached XP level 9. HP: 75/78 MP: 9/9
  5072 | D:7      | Noticed a boulder beetle
  5165 | D:7      | Reached skill level 12 in Axes
  5170 | D:7      | Reached skill level 1 in Shields
  5297 | D:7      | Noticed Prince Ribbit
  5306 | D:7      | Killed Prince Ribbit
  5627 | D:7      | Killed a boulder beetle
  5628 | D:7      | Reached skill level 13 in Axes
  5628 | D:7      | Reached skill level 1 in Invocations
  6090 | D:8      | Noticed a troll
  6106 | D:8      | Reached XP level 10. HP: 88/88 MP: 11/11
  6120 | D:8      | Found a flagged portal.
  6130 | Bailey   | Entered a bailey
  6225 | Bailey   | Noticed an orc knight
  6243 | Bailey   | Noticed an orc knight
  6250 | Bailey   | Killed an orc knight
  6560 | Bailey   | Reached *** piety under Beogh
  7422 | Bailey   | Killed an orc knight
  7423 | Bailey   | Reached skill level 1 in Throwing
  7678 | D:8      | Noticed a wizard
  7678 | D:8      | Noticed a skeletal warrior
  7682 | D:8      | Noticed a two-headed ogre
  7683 | D:8      | Noticed a cyclops
  7684 | D:8      | Noticed a gargoyle
  7735 | D:8      | Paralysed by a hornet for 1 turns
  8301 | D:8      | Noticed a cyclops
  8339 | D:8      | Killed a cyclops
  8340 | D:8      | Reached skill level 14 in Axes
  8340 | D:8      | Reached skill level 5 in Shields
  8577 | D:8      | Noticed a purple ugly thing
  8577 | D:8      | Noticed a green ugly thing
  8577 | D:8      | Noticed a swamp dragon
  8626 | D:9      | Noticed a death yak
  8631 | D:9      | Noticed a death yak
  8634 | D:9      | Noticed a death yak
  8640 | D:9      | Reached XP level 11. HP: 83/97 MP: 12/12
  8732 | D:9      | Noticed a centaur warrior
  8859 | D:9      | Killed a centaur warrior
  9236 | D:9      | Noticed a cyclops
  9406 | D:9      | Killed a cyclops
  9609 | D:9      | Noticed a centaur warrior
  9611 | D:9      | Noticed a brown ugly thing
  9634 | D:10     | Entered Level 10 of the Dungeon
  9671 | D:10     | Found a blossoming altar of Fedhas.
  9672 | D:10     | Found a glowing golden altar of the Shining One.
  9672 | D:10     | Found a sparkling altar of Nemelex Xobeh.
  9705 | D:10     | Reached skill level 1 in Evocations
  9764 | D:10     | Found an iron altar of Okawaru.
 10114 | D:9      | Reached **** piety under Beogh
 10218 | D:10     | Noticed Grum
 10236 | D:10     | Killed Grum
 10293 | D:10     | Reached skill level 10 in Fighting
 10295 | D:10     | Noticed Joseph
 10321 | D:10     | Killed Joseph
 10473 | D:10     | Found a runed translucent gate.
 10474 | D:10     | Found a runed translucent gate.
 10474 | D:10     | Found a runed translucent gate.
 10475 | D:10     | Noticed quokkamancerX's ghost (journeyman DsBe)
 10476 | D:10     | Noticed turdburglar's ghost (journeyman TrTm)
 10833 | D:10     | Noticed Gastronok
 10851 | D:9      | Killed a centaur warrior
 10852 | D:9      | Reached skill level 15 in Axes
 11029 | D:9      | Found a staircase to the Lair.
 11039 | D:9      | Killed a death yak
 11055 | D:9      | Killed a death yak
 11064 | D:9      | Killed a death yak
 11065 | D:9      | Reached XP level 12. HP: 56/107 MP: 13/13
 11181 | D:9      | Found a staircase to the Orcish Mines.
 11753 | Orc:1    | Entered Level 1 of the Orcish Mines
 11950 | Orc:2    | Entered Level 2 of the Orcish Mines
 11977 | Orc:2    | Noticed Donald
 11987 | Orc:2    | Noticed Jorgrun
 12009 | Orc:1    | HP: 5/107 [Jorgrun/+0 vorpal quarterstaff (3)]
 12013 | D:9      | HP: 2/107 [Jorgrun/+0 vorpal quarterstaff (2)]
 12014 | D:9      | Mangled by Jorgrun

Illustrated notes

Levels and vault maps discovered:
D:1:      dpeg_arrival_tiny_h, layout_rooms, minmay_split_cup_large
D:2:      layout_basic, hellmonk_ecumenical_altar_blasted, minivault_24,
          uniq_robin, uniq_sigmund
D:3:      layout_rooms, lemuel_round_altar, nicolae_overflow_ecumenical_swirl,
          mainiacjoe_overflow_boulevard, ebering_ghost_rock_garden
D:4:      layout_basic, lemuel_coloured_pillars_altar,
          minmay_misc_feat_secret_circle, grunt_decor_resistance,
          minmay_ogre_servants
D:5:      layout_basic, serial_shops, shop, minmay_hedge_maze
D:6:      layout_basic, temple_fountains, serial_corexii_hall,
          chequers_hall_statues_wall_a, corexii_hall_statues_i,
          chequers_hall_statues_wall_a, corexii_hall_statues_l,
          chequers_hall_statues_wall_a, corexii_hall_statues_i,
          amcnicky_mini_pool_small, chequers_serial_rivers_room_b
D:7:      layout_cave_pools, serial_column_ruins, column_ruins_corridor_T,
          column_ruins_grid_1, column_ruins_open_small, column_ruins_grid_2,
          hangedman_minor_gate_pass, uniq_prince_ribbit1
D:8:      minmay_the_grid_octo_triangle [minmay_the_grid_octo_toaster,
          minmay_the_grid_octo_prize_star, minmay_the_grid_octo_focus],
          layout_basic, enter_bailey_2, onia_ninara_dug_in_and_dangerous
D:9:      kennysheep_blocky_room, layout_basic, dpeg_lair_monsters,
          hiddenorc2_lemuel
D:10:     layout_loops_ring, mainiacjoe_overflow_alcove_2,
          chequers_temple_overflow_statue_of_worship, trove_entry_hex_spiral,
          gammafunk_ghost_cemetery, uniq_grum, uniq_joseph, uniq_gastronok
Orc:1:    layout_caves, nicolae_shop_clearance
Orc:2:    st_orc_rangers, layout_diamond_mine, basic_altar, uniq_donald,
          uniq_jorgrun

Skill      XL: |  1  2  3  4  5  6  7  8  9 10 11 |
---------------+----------------------------------+-----
Fighting       | 4 5 6 8 9 10 | 10.5
Axes           | 5 6 7 9 11 13 14 15 | 15.4
Armour         | 2 3 5 7 8 9 |  9.9
Dodging        | 3 |  3.1
Shields        | 2 5 7 |  7.4
Invocations    | 1 2 |  2.1
Throwing       | 2 |  2.8
Evocations     | 3 |  3.9
Stealth        | |  1.9

Action                   |  1- 3 |  4- 6 |  7- 9 | 10-12 || total
-------------------------+-------+-------+-------+-------++-------
Melee: Hand axe          |    85 |    44 |       |       ||   129
       War axe           |       |    41 |   208 |   408 ||   657
       Punch             |       |     1 |     3 |       ||     4
       Unarmed           |       |     1 |       |       ||     1
Throw: Boomerang         |       |       |       |    48 ||    48
       Throwing net      |       |       |       |     1 ||     1
Invok: Convert to Beogh  |       |       |     1 |       ||     1
       Smiting           |       |       |     3 |     3 ||     6
Evoke: Wand              |       |       |       |     4 ||     4
       Piece from Xom's  |       |       |       |     1 ||     1
  Use: Potion            |     2 |       |     4 |     1 ||     7
       Scroll            |       |     2 |    13 |     8 ||    23
Armor: Robe              |    10 |       |       |       ||    10
       Plate armour      |    58 |    65 |   142 |   249 ||   514
       Skin              |       |     1 |       |       ||     1
Dodge: Dodged            |    70 |    53 |    52 |    54 ||   229
Block: Tower shield      |       |       |    35 |   358 ||   393
